 Dungeon Crawl Stone Soup version 0.27-a0-1416-g941b2bd30b (webtiles) character file.

Game seed: 5560709546286812583

18 Brandom the Insei (level 2, 0/18 HPs)
             Began as an Octopode Transmuter on July 1, 2021.
             Was a Follower of Yredelemnul.
             Slain by a jackal (2 damage)
             ... on level 1 of the Dungeon.
             The game lasted 00:01:37 (610 turns).

Brandom the Insei (Octopode Transmuter)              Turns: 610, Time: 00:01:38

Health: 0/18       AC:  1    Str:  9    XL:     2   Next: 66%
Magic:  2/5        EV: 13    Int: 15    God:    Yredelemnul [*.....]
Gold:   42         SH:  0    Dex: 12    Spells: 4/5 levels left

rFire    . . .     SeeInvis .     - Unarmed
rCold    . . .     Faith    .   (no shield)
rNeg     . . .     Spirit   .   (helmet restricted)
rPois    .         Reflect  .   (no amulet)
rElec    .         Harm     .   (no ring)
rCorr    .         Rampage  .   (no ring)
Will     .....                  (no ring)
Stlth    ++........             (no ring)
HPRegen  0.06/turn              (no ring)
MPRegen  0.09/turn              (no ring)
                                (no ring)
                                (no ring)

@: very slightly contaminated
A: almost no armour, amphibious, 8 rings, camouflage 1, gelatinous body 1,
(nimble swimmer 1), tentacles
a: Renounce Religion, Animate Remains


You were on level 1 of the Dungeon.
You worshipped Yredelemnul.
Yredelemnul was aware of your devotion.
You visited 1 branch of the dungeon, and saw 1 of its levels.

You collected 42 gold pieces.

Inventory:

Jewellery
 z - a ring of see invisible
   (You found it on level 1 of the Dungeon)
Potions
 a - a potion of flight {unknown}


   Skills:
 * Level 1.5 Fighting
 + Level 2.3 Dodging
 + Level 3.1 Unarmed Combat
 + Level 2.1 Spellcasting
 + Level 2.2 Transmutations


You had 4 spell levels left.
You knew the following spells:

 Your Spells              Type           Power      Damage    Failure   Level
a - Beastly Appendage     Tmut           16%        N/A       9%          1

Your spell library contained the following spells:

 Spells                   Type           Power      Damage    Failure   Level
 Wereblood                Tmut           8%         N/A       14%         2
 Spider Form              Tmut/Pois      2%         N/A       38%         3
 Ice Form                 Ice/Tmut       4%         N/A       80%         4


Dungeon Overview and Level Annotations

Branches:
Dungeon (1/15)

Altars:
Yredelemnul


Innate Abilities, Weirdness & Mutations

You cannot wear most types of armour.
You are amphibious.
You can wear up to eight rings at the same time.
Your skin changes colour to match your surroundings (Stealth+).
Your rubbery body absorbs attacks. (AC +1, EV +1)
((You are camouflaged near water. (Stealth+)))
You have tentacles for arms and can constrict up to eight enemies at once.


Message History

The jackal bites you.
You tentacle-slap the jackal but do no damage.
Your grab misses the jackal. The jackal misses you. The jackal bites you.
The jackal misses you. The jackal barely misses you.
You closely miss the jackal. You grab the jackal. You constrict the jackal.
The jackal bites you. The jackal closely misses you. The jackal misses you.
The jackal bites you.
You barely miss the jackal. You squeeze the jackal.
You kill the jackal!
Yredelemnul accepts your kill. The jackal barely misses you.
The jackal misses you.
You tentacle-slap the jackal.
You kill the jackal!
Yredelemnul accepts your kill. The jackal bites you.
* * * LOW HITPOINT WARNING * * *
The jackal barely misses you.
You attempt to give life to the dead...
There are no remains here to animate!
You tentacle-slap the jackal. Your grab misses the jackal.
The jackal closely misses you. The jackal bites you.
* * * LOW HITPOINT WARNING * * *
The jackal closely misses you. The jackal misses you.
The jackal barely misses you. The jackal bites you.
* * * LOW HITPOINT WARNING * * *
You see here a jackal corpse.
You attempt to give life to the dead...
The dead are walking!
The jackal misses you. The jackal closely misses you. The jackal bites you.
* * * LOW HITPOINT WARNING * * *
The jackal bites you.
* * * LOW HITPOINT WARNING * * *
The jackal bites you but does no damage.
The jackal bites your jackal zombie.
Your jackal zombie bites the jackal but does no damage.
The jackal closely misses your jackal zombie.
The jackal barely misses your jackal zombie.
Your jackal zombie bites the jackal but does no damage.
The jackal closely misses your jackal zombie.
Okay, then.
You miscast Beastly Appendage.
You are very lightly contaminated with residual magic.
Nothing appears to happen.
The jackal barely misses your jackal zombie.
Your jackal zombie bites the jackal but does no damage.
The jackal barely misses you. The jackal bites your jackal zombie.
Your jackal zombie barely misses the jackal.
Unknown command.
You completely miss the jackal. Your grab misses the jackal.
You tentacle-slap the jackal. The jackal bites you.
You die...
Your body rises from the dead as a mindless zombie.

...#########.#.#....(....#
...# #......#.........#
...# #.##.###..)......#
..)# #.##.# #.........#
...# #.##.#########..##
...######.##.##........>#
..........##.##....h.†.##
...#########.##...Z....#
...# #.##>@h.....+ ####
#.##).......#
#.#########... #.# #####


You could see 2 jackals and a friendly jackal zombie.

Vanquished Creatures
  A dart slug (D:1)
  A ball python (D:1)
  4 endoplasms (D:1)
  A giant cockroach (D:1)
  A goblin (D:1)
  A hobgoblin (D:1)
  2 jackals (D:1)
  A bat (D:1)
  A rat (D:1)
13 creatures vanquished.

Notes
Turn   | Place    | Note
-------+----------+-------------------------------------------
     0 | D:1      | Brandom the Octopode Transmuter began the quest for the
                  | Orb.
     0 | D:1      | Reached XP level 1. HP: 13/13 MP: 3/3
   175 | D:1      | Found a faded altar of an unknown god.
   180 | D:1      | Became a worshipper of Yredelemnul the Dark
   180 | D:1      | Reached * piety under Yredelemnul
   227 | D:1      | Reached XP level 2. HP: 15/18 MP: 5/5
   610 | D:1      | Slain by a jackal

Illustrated notes

Levels and vault maps discovered:
D:1:      dpeg_arrival_chambers_temple_mockup, layout_basic,
          basic_ecumenical_altar

Action                   || total
-------------------------++-------
Melee: Unarmed           ||    35
       Tentacles         ||     7
       Constrict         ||     6
       Punch             ||     1
Invok: Animate Remains   ||     1
 Stab: Sleeping          ||     6
Armor: Skin              ||     2
Dodge: Dodged            ||    34

Table legend: (Time is in decaauts)
 A = Elapsed time spent in this place.
 B = Non-inter-level travel time spent in this place.
 C = Inter-level travel time spent in this place.
 D = Time resting spent in this place.
 E = Time spent auto-exploring this place.
 F = Levels seen in this place.
 G = Mean time per level.
                   A        B        C        D        E       F      G
               +--------+--------+--------+--------+--------+-----+--------+
         Total |    608 |    608 |      0 |      0 |    511 |   1 |  608.0 |
       Dungeon |    608 |    608 |      0 |      0 |    511 |   1 |  608.0 |
               +--------+--------+--------+--------+--------+-----+--------+

Top non-repeatable levels by time:
     D:1: 608 daAuts
